 Dungeon Crawl Stone Soup version 0.19-a0-1204-g250f30a (console) character file.

5127 Garrluk the Basher (level 10, -10/124 HPs)
             Began as a Minotaur Berserker on Aug 21, 2016.
             Was a High Priest of Trog.
             Mangled by a polar bear simulacrum (16 damage)
             ... in an ice cave.
             The game lasted 00:20:18 (8153 turns).

Garrluk the Basher (Minotaur Berserker)             Turns: 8153, Time: 00:20:18

Health: -10/124    AC: 18    Str: 24 (26) XL:     10   Next: 33%
Magic:  0/9        EV:  6    Int:  3 (4)  God:    Trog [*****.]
Gold:   361        SH: 12    Dex: 13 (14) Spells: 0 memorised, 9 levels left

rFire  + . .     SeeInvis .     F - +2 flail (venom)
rCold  . . .     Gourm    .     q - +0 chain mail
rNeg   . . .     Faith    .     N - +0 large shield
rPois  .         Spirit   +     (helmet restricted)
rElec  .         Dismiss  .     d - +1 cloak
rCorr  .         Reflect  .     (no gloves)
MR     ++...     Harm     .     r - +0 pair of boots
Stlth  ..........               t - amulet of guardian spirit
                                G - +3 ring of protection
                                H - ring of protection from fire

@: berserking, regenerating, very quick
A: retaliatory headbutt, horns 2, sense surroundings 1
a: Berserk, Trog's Hand, Brothers in Arms, Burn Spellbooks, Renounce Religion


You were in an ice cave.
You worshipped Trog.
Trog was extremely pleased with you.
You were not hungry.

You visited 1 branch of the dungeon, and saw 10 of its levels.
You also visited: Bailey and Ice Cave.

You collected 465 gold pieces.
You spent 104 gold pieces at shops.

Notes
Turn   | Place    | Note
-------+----------+-------------------------------------------
     0 | D:1      | Garrluk the Minotaur Berserker began the quest for the Orb.
     0 | D:1      | Reached XP level 1. HP: 19/19 MP: 0/0
    51 | D:1      | Reached skill level 4 in Maces & Flails
    87 | D:1      | Reached XP level 2. HP: 22/26 MP: 1/1
   375 | D:1      | Reached skill level 5 in Maces & Flails
   378 | D:1      | Reached XP level 3. HP: 6/31 MP: 2/2
   551 | D:1      | Reached ** piety under Trog
  1089 | D:2      | Found a white marble altar of Elyvilon.
  1107 | D:2      | Reached XP level 4. HP: 24/39 MP: 3/3
  1108 | D:2      | Reached skill level 6 in Maces & Flails
  1453 | D:2      | Found a snail-covered altar of Cheibriados.
  1750 | D:2      | Found a blossoming altar of Fedhas.
  1790 | D:3      | Noticed a dagger
  1790 | D:3      | Noticed a dagger
  1839 | D:3      | Found a faded altar of an unknown god.
  1849 | D:3      | Noticed Ijyb
  1855 | D:3      | Killed Ijyb
  1925 | D:3      | Reached XP level 5. HP: 37/45 MP: 4/4
  2062 | D:3      | Found a hide-covered altar of Uskayaw.
  2151 | D:3      | Reached *** piety under Trog
  2151 | D:3      | Reached skill level 7 in Maces & Flails
  2600 | D:4      | Reached XP level 6. HP: 50/51 MP: 5/5
  2903 | D:4      | Found a glowing golden altar of the Shining One.
  2977 | D:4      | Found a sparkling altar of Nemelex Xobeh.
  3005 | D:4      | Noticed Bzabzaliros's ghost (novice GrEE)
  3021 | D:4      | Killed Bzabzaliros's ghost
  3021 | D:4      | Reached skill level 8 in Maces & Flails
  3021 | D:4      | Reached skill level 5 in Armour
  3021 | D:4      | Reached XP level 7. HP: 57/57 MP: 6/6
  3102 | D:4      | Reached skill level 9 in Maces & Flails
  3337 | D:5      | Entered Level 5 of the Dungeon
  3514 | D:5      | Found a basalt altar of Yredelemnul.
  3705 | D:5      | Reached **** piety under Trog
  3805 | D:5      | Reached skill level 10 in Maces & Flails
  3843 | D:5      | Found a glowing silver altar of Zin.
  3901 | D:5      | Reached XP level 8. HP: 64/64 MP: 7/7
  3980 | D:5      | Found Tarer's Distillery.
  3983 | D:5      | Bought a potion of curing for 39 gold pieces
  3983 | D:5      | Bought a potion of heal wounds for 65 gold pieces
  4480 | D:5      | Reached skill level 11 in Maces & Flails
  4841 | D:6      | Found a staircase to the Ecumenical Temple.
  4886 | D:6      | Found Doban's Book Shop.
  4961 | D:6      | Found a burning altar of Makhleb.
  4992 | D:6      | Noticed Edmund
  5010 | D:6      | Killed Edmund
  5477 | D:7      | Reached skill level 12 in Maces & Flails
  5481 | D:7      | Found a flagged portal.
  5488 | Bailey   | Entered a bailey
  5727 | Bailey   | Noticed an orc knight
  5746 | Bailey   | Reached XP level 9. HP: 71/71 MP: 8/8
  5777 | Bailey   | Reached ***** piety under Trog
  5800 | Bailey   | Killed an orc knight
  5800 | Bailey   | Reached skill level 1 in Throwing
  6892 | D:8      | Found a deep blue altar of Sif Muna.
  6976 | D:8      | Reached skill level 13 in Maces & Flails
  6980 | D:8      | Gained mutation: Armour fits poorly on your strangely shaped body. [potion of mutation]
  6980 | D:8      | Gained mutation: Your body sometimes deteriorates upon taking damage. [potion of mutation]
  6980 | D:8      | Gained mutation: You passively map a small area around you. [potion of mutation]
  6987 | D:8      | Gained mutation: You have large cloven feet. [mutagenic meat]
  6990 | D:8      | Gained mutation: You passively map the area around you. [mutagenic meat]
  6993 | D:8      | Gained mutation: You are agile. (Dex +2) [mutagenic meat]
  7000 | D:8      | Lost mutation: Your body sometimes deteriorates upon taking damage. [potion of cure mutation]
  7000 | D:8      | Lost mutation: You have large cloven feet. [potion of cure mutation]
  7000 | D:8      | Lost mutation: You passively map the area around you. [potion of cure mutation]
  7000 | D:8      | Lost mutation: Armour fits poorly on your strangely shaped body. [potion of cure mutation]
  7000 | D:8      | Lost mutation: You are agile. (Dex +2) [potion of cure mutation]
  7229 | D:8      | Reached skill level 5 in Fighting
  7304 | D:8      | Noticed a troll
  7314 | D:8      | Killed a troll
  7750 | D:9      | Received a gift from Trog
  7771 | D:9      | Reached XP level 10. HP: 79/81 MP: 9/9
  7805 | D:9      | Found a staircase to the Lair.
  7857 | D:9      | Noticed Prince Ribbit
  7868 | D:9      | Killed Prince Ribbit
  8007 | D:9      | You fall through a shaft for 3 floors!
  8051 | D:12     | Noticed Psyche
  8056 | D:12     | Killed Psyche
  8076 | D:12     | Found a frozen archway.
  8131 | D:12     | Found a staircase to the Orcish Mines.
  8144 | IceCv    | Entered an ice cave
  8153 | IceCv    | HP: 6/124 [polar bear simulacrum (1)]
  8153 | IceCv    | Mangled by a polar bear simulacrum

Inventory:

Hand Weapons
 a - a +1 mace
 F - a +2 flail of venom (weapon)
   (You took it off Edmund on level 6 of the Dungeon)
Missiles
 h - 223 stones
 v - 6 steel javelins
 A - 6 javelins
 I - 68 tomahawks of returning (quivered)
Armour
 d - a +1 cloak (worn)
   (You found it on level 1 of the Dungeon)
 k - a steam dragon hide
   (You found it on level 8 of the Dungeon)
 l - a +0 ring mail
   (You found it on level 2 of the Dungeon)
 q - a +0 chain mail (worn)
   (You took it off an orc on level 5 of the Dungeon)
 r - a +0 pair of boots (worn)
   (You found it on level 4 of the Dungeon)
 z - a +0 buckler
   (You took it off an orc on level 5 of the Dungeon)
 N - a +0 large shield (worn)
   (You found it on level 8 of the Dungeon)
Jewellery
 t - an amulet of guardian spirit (around neck)
   (You found it on level 3 of the Dungeon)
 G - a +3 ring of protection (right hand)
   (You found it on level 6 of the Dungeon)
 H - a ring of protection from fire (left hand)
   (You found it on level 6 of the Dungeon)
Wands
 b - a wand of digging (16/24)
   (You found it on level 5 of the Dungeon)
 g - a wand of flame (27/48)
   (You found it on level 8 of the Dungeon)
 B - a wand of flame (8/48)
   (You took it off Edmund on level 6 of the Dungeon)
 M - a wand of confusion (24/48)
   (You found it on level 8 of the Dungeon)
Scrolls
 e - 2 scrolls of enchant armour
 m - 5 scrolls of identify
 o - a scroll of fear
 s - a scroll of teleportation
 x - 3 scrolls of amnesia
 y - a scroll of fog
 L - a scroll of remove curse
Potions
 i - a potion of lignification
 j - a potion of cure mutation
 u - 9 potions of curing
 w - a potion of berserk rage
 C - 3 potions of heal wounds
 E - a potion of haste
 J - 2 potions of magic
Comestibles
 c - 8 bread rations
 f - 5 meat rations
 n - 2 royal jellies
 p - 2 slices of pizza
 D - 6 chunks of flesh

Table legend:
 A = Turns spent in this place as a percentage of turns spent in the entire game.
 B = Non-inter-level travel turns spent in this place as a percentage of non-inter-level travel turns spent in the entire game.
 C = Inter-level travel turns spent in this place as a percentage of turns spent in this place.
 D = Turns resting spent in this place as a percentage of non-inter-level travel turns spent in this place.
 E = Turns spent auto-exploring this place as a percentage of non-inter-level travel turns spent in this place.
 F = Non-inter-level travel turns spent in this place divided by the number of levels of this place that you've seen.
                   A       B       C       D       E      F
               +-------+-------+-------+-------+-------+----------------------
         Total | 100.0 | 100.0 |   0.5 |   2.6 |  11.3 | 181.9
       Dungeon |  89.7 |  89.7 |   0.6 |   2.4 |  12.0 | 195.8
        Bailey |   9.8 |   9.8 |   0.0 |   4.2 |   5.1 | 215.0
      Ice Cave |   0.5 |   0.5 |   0.0 |   0.0 |   0.0 |  10.0
               +-------+-------+-------+-------+-------+----------------------


   Skills:
 + Level 5.7 Fighting
 * Level 13.7 Maces & Flails
 + Level 3.7 Throwing
 + Level 9.3 Armour
 + Level 4.7 Dodging


You had 9 spell levels left.
You didn't know any spells.

Dungeon Overview and Level Annotations

Branches:
Dungeon (12/15)            Temple (0/1) D:6            Lair (0/6) D:9
    Orc (0/2) D:12

Altars:
Cheibriados
Elyvilon
Fedhas
Makhleb
Nemelex Xobeh
Sif Muna
Uskayaw
Yredelemnul
Zin
The Shining One

Shops:
D:5 !   D:6 :


Innate Abilities, Weirdness & Mutations

You reflexively headbutt those who attack you in melee.
You have a pair of horns on your head.
You passively map a small area around you.


Message History

The polar bear simulacrum claws you but does no damage.
The polar bear simulacrum bites you! The polar bear simulacrum freezes you!!
* * * LOW HITPOINT WARNING * * *
The polar bear simulacrum claws you but does no damage.
You block the polar bear simulacrum's attack.
You are too injured to fight recklessly!
Okay, then.
You block the polar bear simulacrum's attack. x3
A red film seems to cover your vision as you go berserk!
You feel yourself moving faster!
You feel mighty!
You feel somewhat more hungry.
The polar bear simulacrum bites you but does no damage.
The polar bear simulacrum claws you but does no damage. x2
The polar bear simulacrum bites you!
* * * LOW HITPOINT WARNING * * *
The polar bear simulacrum freezes you!!
* * * LOW HITPOINT WARNING * * *
The polar bear simulacrum claws you.
* * * LOW HITPOINT WARNING * * *
The polar bear simulacrum freezes you!
You die...

≈≈ * ≈* * **
≈ ≈ * ,
####*≈ ≈
##..## *
##....### .
#.......##..,
#.∩.∩.......*
,
#....Z.....#
,, ,
##..ZZ##.Z##
##@Z## ##
#### * , *


You could see 3 polar bear simulacra and a swamp dragon simulacrum.

Table legend:
 A = Kills in this place as a percentage of kills in entire the game.
 B = Kills by you in this place as a percentage of kills by you in the entire game.
 C = Kills by friends in this place as a percentage of kills by friends in the entire game.
 D = Other kills in this place as a percentage of other kills in the entire game.
 E = Experience gained in this place as a percentage of experience gained in the entire game.
 F = Experience gained in this place divided by the number of levels of this place that you have seen.
                   A       B       C       D       E      F
               +-------+-------+-------+-------+-------+----------------------
         Total | 100.0 | 100.0 |  -nan |  -nan | 100.0 | 610.4
       Dungeon |  86.2 |  86.2 |  -nan |  -nan |  89.0 | 652.0
        Bailey |  13.8 |  13.8 |  -nan |  -nan |  11.0 | 805.0
               +-------+-------+-------+-------+-------+----------------------

Vanquished Creatures
  Monster Symbol All ' '
  The ghost of Bzabzaliros the Digger, a novice GrEE (D:4)
1 creature vanquished. All '5' 3 crimson imps 2 quasits 2 shadow imps 12 white imps (D:12)
19 creatures vanquished. All '@' Psyche (D:12) Edmund (D:6)
2 creatures vanquished. All 'D' A steam dragon (D:8)
1 creature vanquished. All 'F' Prince Ribbit (D:9)
1 creature vanquished. All 'J' 2 jellies (D:7) 3 oozes
5 creatures vanquished. All 'K' A big kobold (D:9) 20 kobolds
21 creatures vanquished. All 'O' 4 ogres
4 creatures vanquished. All 'S' A water moccasin (D:5) 11 adders A ball python (D:4)
13 creatures vanquished. All 'T' A troll (D:8)
1 creature vanquished. All 'W' 2 phantoms
2 creatures vanquished. All 'Y' 3 ice beasts 2 sky beasts
5 creatures vanquished. All 'Z' A water moccasin skeleton (D:5) A giant frog zombie (D:5) A giant frog skeleton (D:4) A centaur skeleton (D:9) 2 adder skeletons
6 creatures vanquished. All 'a' 7 worker ants
7 creatures vanquished. All 'b' 10 bats
10 creatures vanquished. All 'c' 3 centaurs
3 creatures vanquished. All 'g' Ijyb (D:3) 23 gnolls 12 goblins 22 hobgoblins
58 creatures vanquished. All 'h' 4 wargs (D:12) 7 howler monkeys 3 hounds 3 jackals (D:2)
17 creatures vanquished. All 'l' An iguana (D:5) 5 giant geckos 7 giant newts
13 creatures vanquished. All 'o' An orc knight (Bailey) 2 orc priests (D:5) 3 orc wizards 19 orcs
25 creatures vanquished. All 'r' 4 quokkas 10 rats
14 creatures vanquished. All 's' A scorpion (D:4) 14 giant cockroaches
15 creatures vanquished. All 'w' A worm (D:3) 2 dart slugs
3 creatures vanquished.
246 creatures vanquished. Monster Nature Uniques Psyche (D:12) Prince Ribbit (D:9) Edmund (D:6) Ijyb (D:3)
4 creatures vanquished. Natural Monsters An orc knight (Bailey) The ghost of Bzabzaliros the Digger, a novice GrEE (D:4) A troll (D:8) A steam dragon (D:8) 4 wargs (D:12) A water moccasin (D:5) 3 ice beasts 2 sky beasts 4 ogres 3 centaurs A big kobold (D:9) A scorpion (D:4) 7 howler monkeys 3 hounds 2 jellies (D:7) 2 orc priests (D:5) An iguana (D:5) 3 orc wizards 7 worker ants 23 gnolls 11 adders 3 oozes A worm (D:3) 2 dart slugs 5 giant geckos 19 orcs A ball python (D:4) 10 bats 14 giant cockroaches 12 goblins 22 hobgoblins 3 jackals (D:2) 20 kobolds 4 quokkas 7 giant newts 10 rats
215 creatures vanquished. Undead Monsters 2 phantoms A water moccasin skeleton (D:5) A giant frog zombie (D:5) A giant frog skeleton (D:4) A centaur skeleton (D:9) 2 adder skeletons
8 creatures vanquished. Demonic Monsters 3 crimson imps 2 quasits 2 shadow imps 12 white imps (D:12)
19 creatures vanquished.
246 creatures vanquished. Ascending Order An orc knight (Bailey) Psyche (D:12) The ghost of Bzabzaliros the Digger, a novice GrEE (D:4) A troll (D:8) Prince Ribbit (D:9) A steam dragon (D:8) Edmund (D:6) A water moccasin (D:5) A big kobold (D:9) A water moccasin skeleton (D:5) A scorpion (D:4) A giant frog zombie (D:5) A giant frog skeleton (D:4) A centaur skeleton (D:9) An iguana (D:5) Ijyb (D:3) A worm (D:3) A ball python (D:4) 2 sky beasts 2 phantoms 2 quasits 2 jellies (D:7) 2 orc priests (D:5) 2 shadow imps 2 adder skeletons 2 dart slugs 3 ice beasts 3 centaurs 3 crimson imps 3 hounds 3 orc wizards 3 oozes 3 jackals (D:2) 4 wargs (D:12) 4 ogres 4 quokkas 5 giant geckos 7 howler monkeys 7 worker ants 7 giant newts 10 bats 10 rats 11 adders 12 white imps (D:12) 12 goblins 14 giant cockroaches 19 orcs 20 kobolds 22 hobgoblins 23 gnolls
246 creatures vanquished.

Action                   |  1- 3 |  4- 6 |  7- 9 | 10-12 || total
-------------------------+-------+-------+-------+-------++-------
Melee: Mace              |    78 |   149 |   139 |       ||   366
       Headbutt          |    11 |    28 |    57 |    14 ||   110
       Flail             |       |       |   190 |    82 ||   272
Throw: Stone             |     3 |     2 |    10 |       ||    15
       Tomahawk          |       |       |     7 |       ||     7
Invok: Berserk           |     1 |     3 |     7 |     3 ||    14
       Burn Spellbooks   |       |     1 |     1 |       ||     2
       Trog's Hand       |       |       |     2 |     1 ||     3
  Use: Scroll            |       |       |    14 |       ||    14
       Potion            |       |       |     9 |       ||     9
  Eat: Chunk             |       |    10 |    28 |       ||    38
       Meat ration       |       |       |       |     1 ||     1
Armor: Animal skin       |     6 |       |       |       ||     6
       Ring mail         |       |    51 |     9 |       ||    60
       Leather armour    |       |       |    13 |       ||    13
       Chain mail        |       |       |   113 |    35 ||   148
Dodge: Dodged            |    50 |    79 |   149 |     7 ||   285
Block: Large shield      |       |       |    15 |    38 ||    53
